 Dungeon Crawl Stone Soup version 0.31-a0-460-g9e667d4245 (webtiles) character file.

Game seed: 11154637547964468155

739 MisterAzrael the Grave Robber (level 7, -1/36 HPs)
             Began as a Deep Elf Necromancer on Aug 4, 2023.
             Splashed by a jelly's acid (6 damage)
             ... on level 4 of the Dungeon.
             The game lasted 00:08:35 (4002 turns).

MisterAzrael the Grave Robber (DENe)                Turns: 4002, Time: 00:08:36

Health: -1/36      AC: -9    Str:  3 (5)  XL:     7   Next: 46%
Magic:  18/26      EV: 13    Int: 19 (22) God:
Gold:   172        SH:  0    Dex: 12 (15) Spells: 3/16 levels left

rFire   . . .        p - +2 scythe (protect)
rCold   . . .        (shield currently unavailable)
rNeg    . . .        a - +1 robe
rPois   .            (no helmet)
rElec   .            (no cloak)
rCorr   .            (no gloves)
SInv    .            (no boots)
Will    .....        (no amulet)
Stlth   +++          k - ring of magical power
HPRegen 0.26/turn    (no ring)
MPRegen 0.20/turn

%: no passive effects
@: corroded, animating dead
A: no striking features
a: no special abilities


You were on level 4 of the Dungeon.
You visited 1 branch of the dungeon, and saw 5 of its levels.

You collected 172 gold pieces.

Inventory:

Hand Weapons
 p - a +2 scythe of protection (weapon)
Armour
 a - a +1 robe (worn)
 d - the +0 ring mail of Burisiemp {rF++}
   (You found it on level 4 of the Dungeon)

   rF:        It greatly protects you from fire.
Magical Staves
 r - a staff of conjuration
Jewellery
 c - an amulet of guardian spirit
 k - a ring of magical power (left hand)
Scrolls
 e - 3 scrolls of enchant armour
 f - a scroll of revelation {unknown}
 i - a scroll of acquirement {unknown}
 j - 2 scrolls of identify {unknown}
 l - a scroll of fear {unknown}
 m - a scroll of poison {unknown}
 n - 2 scrolls of fog {unknown}
 t - a scroll of teleportation
Potions
 b - a potion of cancellation {unknown}
 g - a potion of degeneration
 h - a potion of heal wounds
 o - a potion of berserk rage {unknown}
 q - a potion of curing {unknown}
 s - a potion of attraction {unknown}
 u - a potion of mutation {unknown}


   Skills:
 + Level 1.3 Polearms
 + Level 4.9 Dodging
 + Level 5.1 Stealth
 + Level 5.4 Spellcasting
 * Level 7.6 Necromancy
 * Level 1.0 Poison Magic


You had 3 spell levels left.
You knew the following spells:

 Your Spells              Type           Power      Damage    Failure   Level
a - Necrotise             Necr           100%       1d9       1%          1
b - Vampiric Draining     Necr           34%        2d8       1%          3
c - Animate Dead          Necr           34%        N/A       4%          4
d - Poisonous Vapours     Pois/Air       14%        N/A       14%         2
e - Ignite Poison         Fire/Tmut/Pois 6%         N/A       30%         3

Your spell library contained the following spells:

 Spells                   Type           Power      Damage    Failure   Level
 Cigotuvi's Dreadful Rot  Necr/Pois/Air  32%        N/A       5%          2
 Mephitic Cloud           Conj/Pois/Air  6%         N/A       30%         3
 Ozocubu's Armour         Ice            5%         N/A       34%         3
 Agony                    Necr           34%        N/A       14%         5
 Freezing Cloud           Conj/Ice/Air   2%         6-21      97%         5
 Metabolic Englaciation   Hex/Ice        2%         N/A       97%         5
 Simulacrum               Ice/Necr       9%         N/A       98%         6


Dungeon Overview and Level Annotations

Branches:
Dungeon (5/15)
 Temple: D:4-7

Altars:
Makhleb
Trog
Vehumet
Xom

Shops:
D:3 [


Message History

The orc is lightly wounded.
You barely miss the orc.
The orc is lightly wounded.
The orc misses you. The orc hits you but does no damage.
You barely miss the orc.
The orc is lightly wounded.
The orc closely misses you.
You hit the orc.
Your weapon exudes an aura of protection.
The orc is heavily wounded.
The orc misses you.
You completely miss the orc.
The orc is moderately wounded.
The jelly barely misses you. The orc closely misses you. The orc misses you.
The jelly hits you. The acid corrodes you!
You are splashed with acid!
You slash the orc!
You kill the orc!
The dead are walking!
The jelly closely misses you.
The jelly writhes in agony.
The jelly hits you. The acid corrodes you!
You are splashed with acid!
Casting: Necrotise (safe; 1% risk of failure)
Confirm with . or Enter, or press ? or * to list all spells.
Aiming: Vampiric Draining (safe; 1% risk of failure)
Press: ? - help, Shift-Dir - straight line, f/p - jelly
Aim: a jelly (moderately wounded, ally target)
Your orc zombie is unaffected.
The jelly hits you. The acid corrodes you!
You are splashed with acid!
* * * LOW HITPOINT WARNING * * *
Your orc zombie hits the jelly.
Your orc zombie is burned by acid!
Casting: Vampiric Draining (safe; 1% risk of failure)
Confirm with . or Enter, or press ? or * to list all spells.
Aiming: Vampiric Draining (safe; 1% risk of failure)
Press: ? - help, Shift-Dir - straight line, f/p - jelly
Aim: a jelly (moderately wounded, ally target)
Your orc zombie is unaffected.
The jelly hits you.
* * * LOW HITPOINT WARNING * * *
You are splashed with acid.
You die...

.### #...# #.. ###...#
#.### #.....# .###
#..... .. .....
####..... . #.#.#
........### # #. #.#.#
.......)Z.###.#
#..#....
........J@....#
#..#.##.
.....#.....####
#....... ...
#.....########.##.##.
.
#.>..................
#.................##.
#####.####............
#.....# #..#.#.......
#.....####..#.##...###
#.....#.....#.##...# #


You could see a jelly (ally target) and a friendly orc zombie.

Vanquished Creatures
  Sigmund (D:3)
  Edmund (D:4)
  A black bear (D:4)
  2 scorpions (D:4)
  A hound (D:4)
  A gnoll bouda (D:4)
  Terence (D:2)
  6 gnolls
  An adder (D:4)
  An ufetubus (D:4)
  A worm (D:2)
  2 dart slugs
  9 orcs
  5 bats
  4 endoplasms
  2 giant cockroaches
  6 goblins
  2 hobgoblins
  11 jackals
  5 kobolds
  4 quokkas
  5 ball pythons
  3 frilled lizards
  8 rats
83 creatures vanquished.

Vanquished Creatures (collateral kills)
  2 gnolls
2 creatures vanquished.

Vanquished Creatures (others)
  A wizard (D:4)
  A gnoll zombie (D:4)
  A kobold zombie (D:4)
3 creatures vanquished.

Grand Total: 88 creatures vanquished

Notes
Turn   | Place    | Note
-------+----------+-------------------------------------------
     0 | D:1      | MisterAzrael the Deep Elf Necromancer began the quest for
                  | the Orb.
     0 | D:1      | Reached XP level 1. HP: 10/10 MP: 6/6
   111 | D:1      | Reached skill level 5 in Necromancy
   111 | D:1      | Reached XP level 2. HP: 9/15 MP: 2/8
   691 | D:1      | Reached XP level 3. HP: 19/19 MP: 6/10
   949 | D:1      | Learned a level 3 spell: Vampiric Draining
  1030 | D:2      | Noticed Terence
  1151 | D:2      | Reached XP level 4. HP: 22/24 MP: 1/11
  1289 | D:2      | Killed Terence
  1661 | D:2      | Learned a level 4 spell: Animate Dead
  2104 | D:3      | Noticed Sigmund
  2147 | D:3      | Killed Sigmund
  2148 | D:3      | Reached skill level 6 in Necromancy
  2148 | D:3      | Reached XP level 5. HP: 21/28 MP: 10/14
  2148 | D:3      | Reached XP level 6. HP: 24/32 MP: 10/15
  2321 | D:3      | Found a shimmering altar of Xom.
  2330 | D:3      | Learned a level 2 spell: Poisonous Vapours
  2334 | D:3      | Learned a level 3 spell: Ignite Poison
  2433 | D:3      | Found Arroagg's Armour Shop.
  2951 | D:4      | Reached skill level 5 in Spellcasting
  2951 | D:4      | Reached skill level 7 in Necromancy
  2969 | D:4      | Found a burning altar of Makhleb.
  2978 | D:4      | Noticed Edmund
  3022 | D:4      | Killed Edmund
  3023 | D:4      | Reached skill level 1 in Polearms
  3023 | D:4      | Reached XP level 7. HP: 22/36 MP: 2/16
  3253 | D:4      | Found a radiant altar of Vehumet.
  3304 | D:4      | Identified the +0 ring mail of Burisiemp {rF++}
  3421 | D:5      | Entered Level 5 of the Dungeon
  3450 | D:4      | Reached skill level 5 in Stealth
  3748 | D:4      | Found a bloodstained altar of Trog.
  3749 | D:4      | Noticed a wizard
  3754 | D:4      | Killed a wizard
  3838 | D:4      | Reached skill level 1 in Poison Magic
  4002 | D:4      | Splashed by a jelly's acid

Illustrated notes

Levels and vault maps discovered:
D:1:      matt_arrival_debris, layout_basic
D:2:      layout_loops_ring, uniq_terence
D:3:      layout_loops_ring, mainiacjoe_overflow_six_doors_small, serial_shops,
          nicolae_shop_statue_plus, minmay_crystal_room,
          amcnicky_mini_pool_small, uniq_sigmund
D:4:      layout_basic, mainiacjoe_overflow_cross_hatched, trog_wizard,
          makhleb_altar_promises_db, uniq_edmund, uniq_robin
D:5:      layout_cave_pools, fedhas_altar_3, minmay_temple_entry_grid,
          minmay_ogre_servants

Skill      XL: |  1  2  3  4  5  6  7 |
---------------+----------------------+-----
Necromancy     | 5 6 7 |  7.6
Stealth        | 3 4 5 |  5.1
Dodging        | 3 4 |  4.9
Spellcasting   | 4 5 |  5.4
Polearms       | 1 |  1.3
Poison Magic   | 1 |  1.0

Action                     |  1- 3 |  4- 6 |  7- 9 || total
---------------------------+-------+-------+-------++-------
  Melee: Unarmed           |       |     1 |       ||     1
         Halberd           |       |    19 |    25 ||    44
   Cast: Necrotise         |    52 |    57 |    42 ||   151
         Vampiric Draining |     4 |     6 |     7 ||    17
         Animate Dead      |       |     1 |     7 ||     8
    Use: Potion            |     1 |     3 |     1 ||     5
         Scroll            |       |     1 |     2 ||     3
   Stab: Sleeping          |       |       |     1 ||     1
 Armour: Robe              |     2 |     7 |    11 ||    20
  Dodge: Dodged            |    22 |    41 |    55 ||   118

Table legend: (Time is in decaauts)
 A = Elapsed time spent in this place.
 B = Non-inter-level travel time spent in this place.
 C = Inter-level travel time spent in this place.
 D = Time resting spent in this place.
 E = Time spent auto-exploring this place.
 F = Levels seen in this place.
 G = Mean time per level.
                   A        B        C        D        E       F      G
               +--------+--------+--------+--------+--------+-----+--------+
         Total |   4022 |   3960 |     62 |    836 |   2395 |   5 |  804.4 |
       Dungeon |   4022 |   3960 |     62 |    836 |   2395 |   5 |  804.4 |
               +--------+--------+--------+--------+--------+-----+--------+

Top non-repeatable levels by time:
     D:4: 1337 daAuts
     D:2: 989 daAuts
     D:1: 961 daAuts
     D:3: 733 daAuts
     D:5: 1 daAuts
